 Dungeon Crawl Stone Soup version 0.26-a0-597-gb535b0901c (webtiles) character file.

Game seed: 1104768469853471683

14097 hickop the Nimble (level 11, -1/49 HPs)
             Began as a Spriggan Brigand on Sept 1, 2020.
             Was a High Priest of Okawaru.
             Slain by a blink frog (18 damage)
             ... on level 3 of the Lair of Beasts on Sept 2, 2020.
             The game lasted 03:28:11 (22736 turns).

hickop the Nimble (Spriggan Brigand)               Turns: 22736, Time: 03:28:12

Health: -1/49      AC:  7    Str:  8    XL:     11   Next: 84%
Magic:  12/12      EV: 34    Int: 13    God:    Okawaru [*****.]
Gold:   679        SH:  0    Dex: 20    Spells: 10/10 levels left

rFire    . . .     SeeInvis +   k - +5 scimitar (flame)
rCold    . . .     Faith    .   (shield restricted)
rNeg     + . .     Spirit   .   O - +2 robe {rN+}
rPois    .         Reflect  .   (helmet restricted)
rElec    .         Harm     .   c - +2 cloak
rCorr    .                      (gloves unavailable)
MR       ++...                  (boots unavailable)
Stlth    +++++.....             (no amulet)
HPRegen  0.16/turn              Z - ring of protection from magic
MPRegen  0.13/turn              o - +4 ring of evasion

@: very quick
A: very small, unfitting armour, see invisible, speed 3
a: Heroism, Finesse, Renounce Religion


You were on level 3 of the Lair of Beasts.
You worshipped Okawaru.
Okawaru was extremely pleased with you.
You visited 4 branches of the dungeon, and saw 20 of its levels.

You collected 931 gold pieces.
You spent 252 gold pieces at shops.

Inventory:

Hand Weapons
 e - a +3 hunting sling
 k - a +5 scimitar of flaming (weapon)
 x - a +2 dagger of venom
 K - a +3 dagger
Missiles
 f - 327 stones
 l - 32 poisoned darts
 v - 14 boomerangs (quivered)
 I - a throwing net
 W - 4 boomerangs of dispersal
 Y - 4 datura-tipped darts
Armour
 c - a +2 cloak (worn)
 O - a +2 robe of positive energy (worn)
Jewellery
 g - an uncursed ring of protection from cold
 i - an uncursed ring of protection from fire
 o - a +4 ring of evasion (right hand)
 B - the ring of Hoxzeat {*Drain MR+ SInv Stlth+, unknown}
   (You found it on level 5 of the Dungeon)

   [ring of see invisible]

   It affects your resistance to hostile enchantments.
   It lets you see invisible.
   It causes draining when unequipped.
   It makes you more stealthy.
 D - an uncursed ring of resist corrosion
 J - an uncursed ring of wizardry
 N - an uncursed ring of protection from cold
 T - a +6 ring of strength
 X - the amulet "Mory" {Spirit Slay+6, unknown}
   (You found it on level 13 of the Dungeon)

   [amulet of guardian spirit]

   It causes incoming damage to be split between your health and magic.
   It affects your accuracy and damage with ranged weapons and melee attacks
   (+6).
 Z - a ring of protection from magic (left hand)
Wands
 a - a wand of enslavement (5)
 n - a wand of polymorph (8)
 u - a wand of iceblast (20)
 y - a wand of acid (3)
 P - a wand of flame (20)
Scrolls
 b - a scroll of blinking
 h - 8 scrolls of amnesia
 m - 5 scrolls of remove curse
 q - 6 scrolls of teleportation
 r - 4 scrolls of magic mapping
 t - 3 scrolls of fog
 w - 2 scrolls of immolation {unknown}
 E - a scroll of holy word {unknown}
 F - a scroll of summoning {unknown}
 R - a scroll of vulnerability {unknown}
 S - a scroll of torment {unknown}
Potions
 d - 2 potions of stabbing
 p - a potion of curing
 s - 4 potions of brilliance
 z - 4 potions of degeneration {unknown}
 A - 3 potions of haste
 C - a potion of might
 G - a potion of mutation {unknown}
 H - 2 potions of lignification
 M - a potion of cancellation
 Q - a potion of ambrosia
 U - a potion of flight {unknown}
 V - a potion of magic {unknown}
Miscellaneous
 L - a tin of tremorstones (3/3)


   Skills:
 - Level 1.5 Fighting
 + Level 6.6(7.2) Short Blades
 * Level 3.1(4.5) Long Blades
 + Level 12.6(13.7) Slings
 + Level 8.0(10.5) Throwing
 + Level 13.0 Dodging
 + Level 10.3 Stealth
 + Level 6.6 Evocations


You had 10 spell levels left.
You didn't know any spells.
Your spell library contained the following spells:

 Spells                   Type           Power        Failure   Level
 Summon Small Mammal      Summ           #...         30%         1
 Call Imp                 Summ           #.......     43%         2
 Call Canine Familiar     Summ           #.......     67%         3
 Summon Guardian Golem    Hex/Summ       #.......     67%         3
 Summon Ice Beast         Ice/Summ       #.......     97%         4
 Summon Lightning Spire   Summ/Air       #.......     97%         4


Dungeon Overview and Level Annotations

Branches:
Dungeon (15/15)            Temple (1/1) D:6            Lair (3/6) D:11
 Spider (0/4) Lair:2          Orc (1/2) D:11
  Swamp: Lair:2-4    Shoals: Lair:2-4    Vaults: D:13-14     Depths: D:15

Altars:
Ashenzari
Cheibriados
Dithmenos
Elyvilon
Fedhas
Gozag
Hepliaklqana
Kikubaaqudgha
Makhleb
Nemelex Xobeh
Okawaru
Qazlal
Ru
Sif Muna
Trog
Uskayaw
Vehumet
Wu Jian
Xom
Yredelemnul
Zin
The Shining One

Shops:
D:5 }   D:8 }   D:11 (

Annotations:
D:8 Gastronok


Innate Abilities, Weirdness & Mutations

You are very small and have problems with some larger weapons.
You are too small for most types of armour.
You have supernaturally acute eyesight. (SInv)
You cover ground extremely quickly.


Message History

The blink frog blinks!
The blink frog hits you!!
* * * LOW HITPOINT WARNING * * *
The blink frog hits you but does no damage.
Found 11 gold pieces.
The blink frog blinks!
The blink frog blinks!
Found a glowing chain mail.
You feel better. The blink frog hits you!
The blink frog blinks! x2
The blink frog completely misses you.
You riposte.
You closely miss the blink frog.
The blink frog is heavily wounded.
The blink frog blinks!
The blink frog blinks! x2
You see here a glowing chain mail.
Found an escape hatch in the floor.
The blink frog blinks!
The blink frog blinks!
There is an escape hatch in the ceiling here.
The blink frog hits you!!
You die...

....# *..#..........§....$..
/..## ##.......#............
...## #..#.....#.########..P
....# *#.......#.# #### ...##
####......P#.# #
....######.#........§.# #
......................## #### ##
...............F.......####..###.
................@................
.................................
...##..#..#..###..#..###.#...#P.#
#########.#### ####### #####.##.#
### ######


You could see a blink frog.

Vanquished Creatures
  Erica (D:8)
  Pikel (D:8)
  4 cane toads
  A komodo dragon (Lair:1)
  A troll (D:10)
  A hornet (D:10)
  Prince Ribbit (D:4)
  2 blink frogs (Lair:3)
  4 hippogriffs
  Sigmund (D:2)
  Eustachio (D:5)
  A wraith (D:9)
  A wyvern (D:9)
  15 yaks
  A basilisk (Lair:2)
  2 vampire mosquitoes (D:10)
  3 water moccasins
  3 porcupines
  Duvessa (D:5)
  2 black bears (D:10)
  3 ice beasts
  2 sky beasts
  5 orc warriors
  2 phantoms
  5 ogres
  4 centaurs
  2 lemures (D:8)
  3 crocodiles
  4 big kobolds
  7 bullfrogs
  Blork the orc (D:4)
  A gnoll sergeant (D:8)
  3 scorpions
  Dowan (D:5)
  5 howler monkeys
  3 bullfrog zombies
  A centaur zombie (D:5)
  6 crimson imps (D:11)
  2 quasits
  4 jellies
  8 hounds
  6 orc priests
  13 orc wizards
  5 bullfrog skeletons
  A centaur skeleton (D:10)
  7 iguanas
  Terence (D:2)
  12 worker ants
  A hound zombie (D:6)
  2 hound skeletons
  18 gnolls
  14 adders
  5 white imps
  2 oozes
  An adder skeleton (D:4)
  5 worms
  5 dart slugs
  4 leopard geckos
  64 orcs
  4 ball pythons
  7 bats
  6 giant cockroaches
  30 goblins
  26 hobgoblins
  9 jackals
  15 kobolds
  8 quokkas
  A ball python skeleton (D:4)
  5 frilled lizards
  A jackal skeleton (D:8)
  A jackal zombie (D:7)
  A leopard gecko skeleton (D:7)
  A leopard gecko zombie (D:6)
  A quokka skeleton (D:9)
  16 rats
417 creatures vanquished.

Vanquished Creatures (others)
  7 fungi
  9 plants
16 creatures vanquished.

Grand Total: 433 creatures vanquished

Notes
Turn   | Place    | Note
-------+----------+-------------------------------------------
     0 | D:1      | hickop the Spriggan Brigand began the quest for the Orb.
     0 | D:1      | Reached XP level 1. HP: 10/10 MP: 2/2
   244 | D:1      | Reached XP level 2. HP: 11/14 MP: 3/3
  1116 | D:1      | Reached XP level 3. HP: 18/18 MP: 4/4
  1515 | D:2      | Noticed Sigmund
  1635 | D:2      | Killed Sigmund
  1635 | D:2      | Reached XP level 4. HP: 22/22 MP: 5/5
  1635 | D:2      | Reached XP level 5. HP: 25/25 MP: 6/6
  2117 | D:2      | Noticed Terence
  2142 | D:2      | Killed Terence
  2305 | D:2      | Reached skill level 5 in Throwing
  2305 | D:2      | Reached XP level 6. HP: 24/30 MP: 7/7
  3281 | D:3      | Reached skill level 2 in Dodging
  3813 | D:4      | Found a white marble altar of Elyvilon.
  3828 | D:4      | Reached XP level 7. HP: 33/33 MP: 8/8
  3834 | D:4      | Noticed Grinder
  3851 | D:4      | Noticed Grinder
  3851 | D:4      | Grinder changed into Grinder the quasit
  3967 | D:4      | Killed Grinder the quasit
  4137 | D:5      | Entered Level 5 of the Dungeon
  4623 | D:3      | Reached skill level 1 in Slings
  6324 | D:3      | Reached skill level 3 in Dodging
  7085 | D:4      | Reached skill level 5 in Slings
  7085 | D:4      | Reached XP level 8. HP: 37/37 MP: 9/9
  7777 | D:4      | Noticed Blork the orc
  7802 | D:4      | Killed Blork the orc
  8586 | D:5      | Reached skill level 4 in Dodging
  8711 | D:5      | Noticed Eustachio
  8725 | D:5      | Reached skill level 5 in Dodging
  8884 | D:5      | Found Quher's Gadget Shoppe.
  8900 | D:5      | Bought a wand of acid (5) for 252 gold pieces
  9106 | D:5      | Killed Eustachio
  9106 | D:5      | Reached skill level 6 in Dodging
  9124 | D:5      | Found a glowing silver altar of Zin.
  9187 | D:5      | Reached skill level 5 in Short Blades
  9228 | D:5      | Noticed Duvessa
  9229 | D:5      | Noticed Dowan
  9238 | D:5      | Killed Dowan
  9261 | D:5      | Killed Duvessa
  9261 | D:5      | Reached XP level 9. HP: 23/41 MP: 10/10
  9263 | D:5      | Noticed Prince Ribbit
  9468 | D:5      | Got a scintillating granite ring
  9472 | D:5      | Found a glowing golden altar of the Shining One.
  9534 | D:6      | Found a hazy altar of Hepliaklqana.
  9586 | D:6      | Found a radiant altar of Vehumet.
  9673 | D:6      | Reached skill level 7 in Dodging
  9947 | D:6      | Found a staircase to the Ecumenical Temple.
  9987 | Temple   | Entered the Ecumenical Temple
 10065 | Temple   | Became a worshipper of Warmaster Okawaru
 10137 | D:6      | Reached skill level 1 in Evocations
 10833 | D:4      | Killed Prince Ribbit
 10926 | D:7      | Reached * piety under Okawaru
 11082 | D:7      | Reached skill level 8 in Dodging
 11251 | D:7      | Found a burning altar of Makhleb.
 11413 | D:6      | Reached skill level 10 in Slings
 12074 | D:8      | Found Ippaku's Gadget Shop.
 12835 | D:8      | Noticed Pikel
 12915 | D:8      | Killed Pikel
 12915 | D:8      | Reached ** piety under Okawaru
 12915 | D:8      | Reached skill level 9 in Dodging
 12915 | D:8      | Reached XP level 10. HP: 46/46 MP: 11/11
 13327 | D:8      | Found a hide-covered altar of Uskayaw.
 13452 | D:8      | Noticed Erica
 13594 | D:8      | Killed Erica
 13594 | D:8      | Reached skill level 10 in Dodging
 13594 | D:8      | Reached skill level 5 in Evocations
 13689 | D:8      | Noticed Gastronok
 14223 | D:9      | Reached *** piety under Okawaru
 15560 | D:10     | Entered Level 10 of the Dungeon
 15861 | D:10     | Reached skill level 11 in Dodging
 16375 | D:10     | Reached **** piety under Okawaru
 16814 | D:10     | Reached XP level 11. HP: 49/49 MP: 12/12
 16957 | D:10     | Reached skill level 10 in Stealth
 17272 | D:10     | Received a gift from Okawaru
 17440 | D:10     | Reached skill level 12 in Dodging
 17541 | D:11     | Found a staircase to the Lair.
 17585 | D:11     | Received a gift from Okawaru
 17978 | D:11     | Noticed a cyan ugly thing
 18075 | D:11     | Found a white marble altar of Elyvilon.
 18533 | D:11     | You fall into a shaft and drop 3 floors!
 18533 | D:14     | Found a snail-covered altar of Cheibriados.
 18534 | D:14     | Noticed a skeletal warrior
 18534 | D:14     | Noticed a skeletal warrior
 18534 | D:14     | Noticed a skeletal warrior
 18534 | D:14     | Noticed a skeletal warrior
 18534 | D:14     | Noticed a skeletal warrior
 18555 | D:15     | Entered Level 15 of the Dungeon
 18555 | D:15     | Noticed a green ugly thing
 18555 | D:15     | Noticed a green ugly thing
 18555 | D:15     | Noticed a green ugly thing
 18555 | D:15     | Noticed a green ugly thing
 18584 | D:14     | Noticed a skeletal warrior
 18585 | D:14     | Noticed a skeletal warrior
 18585 | D:14     | Noticed a skeletal warrior
 18585 | D:14     | Noticed a skeletal warrior
 18634 | D:13     | Noticed a white ugly thing
 18637 | D:13     | Got a coiled garnet amulet
 18648 | D:12     | Noticed a two-headed ogre
 18810 | D:11     | Found Gifell's Antique Weapon Boutique.
 19510 | D:11     | Found a staircase to the Orcish Mines.
 19520 | Orc:1    | Entered Level 1 of the Orcish Mines
 19520 | Orc:1    | Noticed an orc sorcerer
 19594 | Lair:1   | Entered Level 1 of the Lair of Beasts
 20824 | Lair:2   | Reached ***** piety under Okawaru
 20938 | Lair:2   | Reached skill level 1 in Long Blades
 21262 | Lair:2   | Noticed a seven-headed hydra
 21534 | Lair:2   | Found a hole to the Spider Nest.
 21534 | Lair:2   | Noticed an orb spider
 21672 | Lair:2   | Received a gift from Okawaru
 22690 | Lair:3   | Reached skill level 13 in Dodging
 22736 | Lair:3   | Slain by a blink frog

Illustrated notes

Levels and vault maps discovered:
D:1:      matt_arrival_spirals, layout_basic
D:2:      layout_loops_ring, st_stairs_1, minmay_quantized, uniq_sigmund,
          uniq_terence
D:3:      minmay_goblin_kobold_castle, layout_basic
D:4:      layout_cave_pods, elyvilon_altar_1, portal_sewer_entry_e,
          uniq_grinder, uniq_blork_the_orc
D:5:      layout_cave_pools, zin_statuary, tso_metal_star, serial_shops, shop,
          uniq_prince_ribbit1, uniq_eustachio, uniq_duvessa
D:6:      layout_rooms, nicolae_overflow_crystal_walls, lemuel_crystal_altar,
          minmay_temple_entry_tees, grunt_ministairs_3
D:7:      layout_basic, makhleb_heckhound_becter, hangedman_decor_lopped,
          kennysheep_dice
D:8:      layout_gridville, lemuel_doored_altar, serial_shops,
          nicolae_shop_window_shopping, uniq_erica, uniq_gastronok, uniq_pikel
D:9:      layout_loops_cross
D:10:     layout_basic
D:11:     layout_gridville, lair_entry_dummy, david_orc_4, serial_shops, shop,
          basic_altar, minmay_nine_imps
D:12:     layout_gridville, minmay_orc_keep
D:13:     layout_long_grid, david_vaults_5, serial_shops, shop, tgw_sif
D:14:     layout_irregular_city, gammafunk_ghost_grave, cheibriados_altar_1,
          portal_ice_cave_entry_imps, drop_trap, hangedman_cracks_in_the_wall
D:15:     hangedman_depths_entry_try_elsewhere_first, layout_rooms,
          gauntlet_entry_generic, hangedman_decor_points, serial_shops, shop,
          shop, nicolae_shop_trees, minmay_misc_feat_encased,
          nicolae_qazlal_style_of_elements
Temple:   eino_wide_crystal_templ
Lair:1:   layout_regular_city, infiniplex_staircase_pool
Lair:2:   layout_chaotic_city, nicolae_spider_entry_orb_guardian, minivault_27
Lair:3:   layout_chaotic_city, beast_lair_carwin_4, grunt_megastairs_3
Orc:1:    layout_diamond_mine, ebering_ghost_reflecting_pool, uniq_erolcha,
          uniq_snorg

Skill      XL: |  1  2  3  4  5  6  7  8  9 10 11 |
---------------+----------------------------------+-----
Stealth        | 6 7 8 9 10 | 10.3
Throwing       | 4 5 6 7 8 |  8.0
Dodging        | 2 3 6 9 11 13 | 13.0
Short Blades   | 3 5 6 |  6.6
Slings         | 5 7 11 12 | 12.6
Evocations     | 2 6 |  6.6
Long Blades    | 3 |  3.1
Fighting       | |  1.5

Action                   |  1- 3 |  4- 6 |  7- 9 | 10-12 || total
-------------------------+-------+-------+-------+-------++-------
Melee: Dagger            |    47 |   105 |   327 |   117 ||   596
       Scimitar          |       |       |       |   257 ||   257
       Whip              |       |       |       |     2 ||     2
 Fire: Hunting sling     |       |       |   704 |   908 ||  1612
Throw: Dart              |    88 |   157 |    83 |     8 ||   336
       Stone             |       |    16 |    15 |       ||    31
       Boomerang         |       |       |       |     7 ||     7
       Throwing net      |       |       |       |     2 ||     2
Evoke: Wand              |       |       |     5 |     4 ||     9
  Use: Scroll            |     4 |     6 |     8 |    13 ||    31
       Potion            |     4 |     1 |     4 |     1 ||    10
 Stab: Sleeping          |     2 |     6 |       |     9 ||    17
       Distracted        |       |       |       |     2 ||     2
Armor: Robe              |     7 |    10 |    39 |    22 ||    78
       Skin              |       |       |    76 |       ||    76
Dodge: Dodged            |    42 |    70 |   402 |   557 ||  1071
       Rpst.: Scimitar   |       |       |       |   125 ||   125

Table legend: (Time is in decaauts)
 A = Elapsed time spent in this place.
 B = Non-inter-level travel time spent in this place.
 C = Inter-level travel time spent in this place.
 D = Time resting spent in this place.
 E = Time spent auto-exploring this place.
 F = Levels seen in this place.
 G = Mean time per level.
                   A        B        C        D        E       F      G
               +--------+--------+--------+--------+--------+-----+--------+
         Total |  16962 |  16759 |    203 |   3573 |   5784 |  20 |  848.1 |
       Dungeon |  14598 |  14395 |    203 |   2967 |   5167 |  15 |  973.2 |
        Temple |     54 |     54 |      0 |      0 |      0 |   1 |   54.0 |
          Lair |   2308 |   2308 |      0 |    606 |    616 |   3 |  769.3 |
  Orcish Mines |      1 |      1 |      0 |      0 |      0 |   1 |    1.0 |
               +--------+--------+--------+--------+--------+-----+--------+

Top non-repeatable levels by time:
     D:4: 2337 daAuts
     D:3: 2173 daAuts
    D:10: 1858 daAuts
     D:8: 1375 daAuts
     D:9: 1243 daAuts
     D:2: 1235 daAuts
     D:1: 1145 daAuts
  Lair:2: 1045 daAuts
  Lair:1: 905 daAuts
    D:11: 884 daAuts
     D:5: 874 daAuts
     D:6: 748 daAuts
     D:7: 627 daAuts
  Lair:3: 357 daAuts
    D:14: 56 daAuts
